 Dungeon Crawl Stone Soup version 0.27-a0-906-g0a00ce863d (webtiles) character file.

Game seed: 10942104979443949035

25 EnegeticOcto the Magician (level 3, -3/27 HPs)
             Began as a Djinni Earth Elementalist on Apr 7, 2021.
             Killed from afar by Ijyb (14 damage)
             ... with a bolt of acid
             ... on level 3 of the Dungeon.
             The game lasted 00:02:42 (295 turns).

EnegeticOcto the Magician (DjEE)                     Turns: 295, Time: 00:02:42

Health: -3/27      AC:  3    Str:  7    XL:     3   Next: 6%
Gold:   12         EV: 12    Int: 17    God:
                   SH:  0    Dex: 13

rFire    + + .     SeeInvis .   e - +0 rapier
rCold    x . .     Faith    .   (no shield)
rNeg     . . .     Spirit   .   c - +0 robe
rPois    ∞         Reflect  .   (no helmet)
rElec    .         Harm     .   (no cloak)
rCorr    .         Rampage  .   d - +0 pair of gloves
Will     .....                  (boots unavailable)
Stlth    ++........             (no amulet)
HPRegen  0.09/turn              (no ring)
MPRegen  0.00/turn              (no ring)

@: flying
A: fire resistance 2, cold vulnerability 1, float, innate caster, hp casting,
extra vitality 1
a: no special abilities


You were on level 3 of the Dungeon.
You visited 1 branch of the dungeon, and saw 4 of its levels.

You collected 12 gold pieces.

Inventory:

Hand Weapons
 e - a +0 rapier (weapon)
   (You found it on level 1 of the Dungeon)
Missiles
 b - 30 stones (quivered)
Armour
 c - a +0 robe (worn)
 d - a +0 pair of gloves (worn)
   (You found it on level 1 of the Dungeon)
Scrolls
 f - a scroll of immolation {unknown}
 g - a scroll of teleportation {unknown}


   Skills:
 + Level 1.2 Fighting
 - Level 2.1 Dodging
 - Level 1.5 Stealth
 * Level 3.3 Spellcasting


You couldn't memorise any spells.
You knew the following spells:

 Your Spells              Type           Power      Damage    Failure   Level
a - Sandblast             Erth           28%        2d8       4%          1
b - Stone Arrow           Conj/Erth      28%        3d8       13%         3
c - Petrify               Tmut/Erth      14%        N/A       38%         4
d - Lee's Rapid Deconstr  Erth           7%         3d7*      75%         5
e - Pain                  Necr           56%        1d6       4%          1
p - Passwall              Tmut/Erth      11%        N/A       6%          2
Your spell library was empty.

Dungeon Overview and Level Annotations

Branches:
Dungeon (4/15)
 Temple: D:4-7

Altars:

Annotations:
D:3 Ijyb


Innate Abilities, Weirdness & Mutations

You are immune to poison.
Your flesh is very heat resistant. (rF++)
You are vulnerable to cold. (rC-)
You float through the air rather than walking.
You learn spells naturally, not from books.
Your magical power is your life essence.
You have superior vitality. (+4 HP)


Message History

Casting: Sandblast (safe; 4% risk of failure)
Confirm with . or Enter, or press ? or * to list all spells.
Aiming: Sandblast (safe; 4% risk of failure)
Press: ? - help, Shift-Dir - straight line, f - endoplasm
Aim: an endoplasm (2% to evade)
The blast of sand hits the endoplasm!
You kill the endoplasm!
* * * LOW HITPOINT WARNING * * *
You have reached level 3!
Your experience leads to an increase in your attributes!
Increase (s)trength, (i)ntelligence, or (d)exterity?
You feel clever.
The power to cast Pain wells up from within.
Spell assigned to 'e'.
There is an open door here.
You reach down and open the door.
A goblin comes into view. It is wielding a +0 dagger.
There is an open door here.
The helpless goblin fails to defend itself.
You hit the goblin.
The goblin is severely wounded.
The goblin closely misses you.
You miss the goblin.
The goblin is severely wounded.
The goblin barely misses you.
You hit the goblin.
You kill the goblin!
You see here a +0 dagger.
There is an open door here.
Found a scroll labelled PAROAN VOAL.
Found a stone staircase leading up.
a - a scroll labelled PAROAN VOAL
As you read the scroll labelled PAROAN VOAL, it crumbles to dust.
You assume a fearsome visage.
Nothing appears to happen.
It was a scroll of fear.
A water moccasin skeleton comes into view.
The water moccasin skeleton barely misses you.
The water moccasin skeleton barely misses you.
The water moccasin skeleton bites you but does no damage.
There is a stone staircase leading up here.
The water moccasin skeleton barely misses you.
You fly upwards.
Found a robe.
There is a stone staircase leading down here.
You reach down and open the gate.
Found a pair of boots.
There is an open gate here.
Found 5 curare-tipped darts.
Found a scroll labelled XUCWES LEIC.
A frilled lizard comes into view.
Casting: Sandblast (safe; 4% risk of failure)
Confirm with . or Enter, or press ? or * to list all spells.
Aiming: Sandblast (safe; 4% risk of failure)
Press: ? - help, Shift-Dir - straight line, f - frilled lizard
Aim: a frilled lizard (asleep, 0% to evade)
The blast of sand hits the frilled lizard.
You kill the frilled lizard!
* * * LOW HITPOINT WARNING * * *
a - 5 curare-tipped darts
f - a scroll labelled XUCWES LEIC You reach down and open the gate.
There is an open gate here.
Found a ring mail and a mace.
Found a scroll labelled BYMMIKHU VUZO.
g - a scroll labelled BYMMIKHU VUZO
Found an escape hatch in the floor.
Found a stone staircase leading up.
Found a scroll labelled NOFEGRISEU.
There is an escape hatch in the floor here.
An orc comes into view. It is wielding a +0 short sword.
There is a stone staircase leading up here.
Ijyb the Twisted Goblin comes into view.
She is wielding a +0 club and carrying a wand of acid (5).
Ijyb shouts!
Ijyb zaps a wand.
The bolt of acid misses you.
You see here a scroll labelled NOFEGRISEU.
Throw: 5 darts (curare)
Press: ? - help, Q - select action, (/) - cycle Shift-Dir - straight line, f - Ijyb
Aim: Ijyb, wielding a +0 club, wearing a +0 leather armour and carrying a wand of acid (4) (47% to hit)
You throw a curare-tipped dart.
The curare-tipped dart closely misses Ijyb.
Throw: 4 darts (curare)
Press: ? - help, Q - select action, (/) - cycle Shift-Dir - straight line, f/p - Ijyb
Aim: Ijyb, wielding a +0 club, wearing a +0 leather armour and carrying a wand of acid (4) (47% to hit)
You throw a curare-tipped dart.
The curare-tipped dart closely misses Ijyb.
Throw: 3 darts (curare)
Press: ? - help, Q - select action, (/) - cycle Shift-Dir - straight line, f/p - Ijyb
Aim: Ijyb, wielding a +0 club, wearing a +0 leather armour and carrying a wand of acid (4) (47% to hit)
You throw a curare-tipped dart. The curare-tipped dart misses Ijyb.
Throw: 2 darts (curare)
Press: ? - help, Q - select action, (/) - cycle Shift-Dir - straight line, f/p - Ijyb
Aim: Ijyb, wielding a +0 club, wearing a +0 leather armour and carrying a wand of acid (4) (47% to hit)
You throw a curare-tipped dart. The curare-tipped dart misses Ijyb.
Throw: dart (curare)
Press: ? - help, Q - select action, (/) - cycle Shift-Dir - straight line, f/p - Ijyb
Aim: Ijyb, wielding a +0 club, wearing a +0 leather armour and carrying a wand of acid (4) (47% to hit)
You throw a curare-tipped dart.
The curare-tipped dart closely misses Ijyb.
Ijyb zaps a wand.
The bolt of acid hits you!
Ouch! That really hurt!
You die...

...........###
.............#.#
...........#.#o#
...........#.#.#
...........#.#.#
############.#.#####
#............
##.###>#.#####
#.......<..@.#
#.#.#####.##g#
....#(# ######(# .#
##


You could see Ijyb.

Vanquished Creatures
  A bat (D:1)
  6 endoplasms
  A giant cockroach (D:1)
  2 goblins
  2 hobgoblins (D:2)
  2 jackals (D:2)
  2 quokkas
  A ball python (D:2)
  3 frilled lizards
  A kobold (D:1)
21 creatures vanquished.

Notes
Turn   | Place    | Note
-------+----------+-------------------------------------------
     0 | D:1      | EnegeticOcto the Djinni Earth Elementalist began the quest
                  | for the Orb.
     0 | D:1      | Reached XP level 1. HP: 15/15 MP: 0/0
    93 | D:1      | Reached skill level 3 in Spellcasting
    93 | D:1      | Reached XP level 2. HP: 14/22 MP: 0/0
   134 | D:2      | Reached skill level 1 in Fighting
   166 | D:2      | You are sucked into a shaft and drop 2 floors!
   184 | D:4      | Reached XP level 3. HP: 2/27 MP: 0/0
   184 | D:4      | Learned a level 1 spell: Pain
   290 | D:3      | Noticed Ijyb
   295 | D:3      | Killed from afar by Ijyb

Illustrated notes

Levels and vault maps discovered:
D:1:      elethiomel_arrival_shortcut, layout_basic,
          chequers_ecumenical_altar_grove
D:2:      layout_rooms
D:3:      layout_basic, elyvilon_altar_4, nicolae_uskayaw_en_pointe,
          amcnicky_altar_gilded, kennysheep_cluttered_room, uniq_ijyb
D:4:      minmay_angry_zag, layout_gridville, corexii_hall_statues_u, hex_medium

Skill      XL: |  1  2 |
---------------+-------+-----
Spellcasting   | 3 |  3.3
Fighting       | 1 |  1.2
Dodging        | |  2.1
Stealth        | |  1.5

Action                   || total
-------------------------++-------
Melee: Rapier            ||     5
Throw: Dart              ||     5
 Cast: Sandblast         ||    25
  Use: Scroll            ||     3
 Stab: Sleeping          ||     1
Armor: Robe              ||     2
Dodge: Dodged            ||    12

Table legend: (Time is in decaauts)
 A = Elapsed time spent in this place.
 B = Non-inter-level travel time spent in this place.
 C = Inter-level travel time spent in this place.
 D = Time resting spent in this place.
 E = Time spent auto-exploring this place.
 F = Levels seen in this place.
 G = Mean time per level.
                   A        B        C        D        E       F      G
               +--------+--------+--------+--------+--------+-----+--------+
         Total |    294 |    290 |      4 |      0 |      0 |   4 |   73.5 |
       Dungeon |    294 |    290 |      4 |      0 |      0 |   4 |   73.5 |
               +--------+--------+--------+--------+--------+-----+--------+

Top non-repeatable levels by time:
     D:1: 112 daAuts
     D:3: 81 daAuts
     D:2: 52 daAuts
     D:4: 47 daAuts
